 Dungeon Crawl Stone Soup version 0.21-a0-426-g98080a9 (webtiles) character file.

137 mastercheaf21 the Cudgeler (level 5, -1/47 HPs)
             Began as a Minotaur Berserker on Nov 6, 2017.
             Was a Believer of Trog.
             Slain by a gnoll
             ... wielding a +0 flail
              (2 damage)
             ... on level 2 of the Dungeon.
             The game lasted 00:06:04 (2284 turns).

mastercheaf21 the Cudgeler (Minotaur Berserker)     Turns: 2284, Time: 00:06:05

Health: -1/47      AC:  8    Str: 23    XL:     5   Next: 0%
Magic:  13/13      EV:  8    Int:  4    God:    Trog [**....]
Gold:   111        SH:  0    Dex:  9    Spells: 4/4 levels left

rFire    . . .     SeeInvis .   a - +0 mace
rCold    . . .     Gourm    .   (no shield)
rNeg     . . .     Faith    .   g - +0 chain mail
rPois    .         Spirit   .   (helmet restricted)
rElec    .         Reflect  .   (no cloak)
rCorr    .         Harm     .   (no gloves)
MR       .....                  (no boots)
Stlth    ..........             e - amulet of magic regeneration
HPRegen  0.15/turn              m - ring of magical power
MPRegen  0.38/turn              (no ring)

@: lethally poisoned (-1 -> -22)
A: retaliatory headbutt, horns 2
a: Berserk, Trog's Hand, Burn Spellbooks, Renounce Religion


You were on level 2 of the Dungeon.
You worshipped Trog.
Trog was pleased with you.
You were not hungry.

You visited 1 branch of the dungeon, and saw 2 of its levels.

You collected 111 gold pieces.

Inventory:

Hand Weapons
 a - a +0 mace (weapon)
Missiles
 l - 9 bolts
Armour
 b - a +0 animal skin
 g - a +0 chain mail (worn)
Jewellery
 e - an amulet of magic regeneration (around neck)
 m - a ring of magical power (left hand)
Scrolls
 d - 7 scrolls of identify {unknown}
 h - a scroll of immolation {unknown}
 i - a scroll of blinking {unknown}
 k - 3 scrolls of fear {unknown}
 n - a scroll of fog {unknown}
 p - a scroll of teleportation {unknown}
 r - a scroll of enchant weapon {unknown}
Potions
 f - 2 potions of agility {unknown}
 q - a potion of curing {unknown}
Comestibles
 c - 3 bread rations
 j - a meat ration
 o - 2 chunks of flesh


   Skills:
 + Level 4.7 Fighting
 * Level 5.9 Maces & Flails
 - Level 2.5 Armour
 - Level 2.3 Dodging
 + Level 0.6 Stealth


You had 4 spell levels left.
You didn't know any spells.

Dungeon Overview and Level Annotations

Branches:
Dungeon (2/15)

Altars:


Innate Abilities, Weirdness & Mutations

You reflexively headbutt those who attack you in melee.
You have a pair of horns on your head.


Message History

You kill the gnoll!
Trog accepts your kill.
You have reached level 5!
* * * LOW HITPOINT WARNING * * *
You feel very sick.
You hit the gnoll.
The gnoll is heavily wounded.
* * * LOW HITPOINT WARNING * * *
You feel very sick. The gnoll hits you with a flail!
* * * LOW HITPOINT WARNING * * *
You barely miss the gnoll. Your headbutt misses the gnoll.
The gnoll is heavily wounded.
* * * LOW HITPOINT WARNING * * *
You feel sick. The gnoll barely misses you.
You barely miss the gnoll.
The gnoll is heavily wounded.
* * * LOW HITPOINT WARNING * * *
You feel sick. The gnoll hits you with a flail.
You die...

#.#........#
#.#........#
#.#........#
#.#รท.......#
#...)......#
##.........#######
####.#...........#
#......#########.#
#......# #@#
#......# #g#
####.#.#########.#
#.#........##.#
#.########.##.#
#.# #.##.# #.#
#.##.# #.# #.##.#
#.# #.#


You could see a gnoll.

Vanquished Creatures
  A hound (D:2)
  3 adders (D:2)
  2 gnolls (D:2)
  2 oozes
  A dart slug (D:1)
  2 leopard geckos (D:1)
  3 giant cockroaches (D:2)
  11 goblins
  6 hobgoblins
  6 jackals (D:2)
  2 bats
  7 frilled lizards
  A leopard gecko skeleton (D:2)
  3 rats
50 creatures vanquished.

Notes
Turn   | Place    | Note
-------+----------+-------------------------------------------
     0 | D:1      | mastercheaf21 the Minotaur Berserker began the quest for the Orb.
     0 | D:1      | Reached XP level 1. HP: 19/19 MP: 0/0
   123 | D:1      | Reached skill level 4 in Maces & Flails
   123 | D:1      | Reached XP level 2. HP: 27/27 MP: 1/1
   604 | D:1      | Reached XP level 3. HP: 33/33 MP: 2/2
   841 | D:1      | Reached ** piety under Trog
  1258 | D:2      | Reached skill level 5 in Maces & Flails
  1490 | D:2      | Reached XP level 4. HP: 34/41 MP: 3/3
  2281 | D:2      | Reached XP level 5. HP: 17/47 MP: 4/4
  2283 | D:2      | HP: 2/47 [poisoned by a gnoll]
  2284 | D:2      | Slain by a gnoll

Vault maps used:
D:1:      sevenhm_arrival_forest_fort_small_6, minmay_close_crescents
D:2:      patterned_corridor

Skill      XL: |  1  2  3 |
---------------+----------+-----
Maces & Flails | 4 5 |  5.9
Fighting       | 4 |  4.7
Armour         | |  2.5
Dodging        | |  2.3
Stealth        | |  0.6

Action                   |  1- 3 |  4- 6 || total
-------------------------+-------+-------++-------
Melee: Mace              |    73 |    32 ||   105
       Headbutt          |    16 |     2 ||    18
  Eat: Chunk             |     2 |     2 ||     4
Armor: Animal skin       |     9 |       ||     9
       Chain mail        |    17 |    31 ||    48
Dodge: Dodged            |    53 |    16 ||    69

Table legend:
 A = Spawn XP
 B = Non-spawn XP
 C = Spawn XP percentage of total XP
 D = Spawn monster count
 E = Non-spawn monster count
 F = Spawn count percentage of total count
 G = Total turns spent on level
                    A         B        C        D         E        F      G
               +---------+---------+-------+---------+---------+-------+---------
         Total |       0 |     196 |   0.0 |       0 |      50 |   0.0 |  2284
               +---------+---------+-------+---------+---------+-------+---------
           D:1 |       0 |      43 |   0.0 |       0 |      20 |   0.0 |   909
           D:2 |       0 |     153 |   0.0 |       0 |      30 |   0.0 |  1375
               +---------+---------+-------+---------+---------+-------+---------
